Map: Dusk Towers

Players

AcerBly (Bly) - Winner!

  • Race: Zerg Zerg
  • League: Grandmaster

Senin

  • Race: Zerg Zerg
  • League: Grandmaster

Event: Gauntlet LotV Series 1 Qualifier 2

VOD

Have the link to the VOD?

Description

Time

  • Played on: Dec. 5, 2015, 3:35 p.m.
  • Length: 19:27

All games in this series

Show
View Real Time Build Order
Export as new Build Order

AcerBly Zerg - Winner!

Build Orders: Pool First, Lurkers 

Get SALT Encoding   

  12  0:01  Drone  
  13  0:10  Drone  
  14  0:14  Extractor  
  13  0:28  Spawning Pool  
  13  0:32  Drone  
  13  0:39  Drone  
  14  0:45  Drone, Extractor  
  15  0:55  Overlord  
  15  1:15  Queen  
  15  1:16  Metabolic Boost  
  17  1:19  Zergling x2  
  17  1:23  Zergling x2  
  19  1:28  Zergling x2  
  19  1:30  Zergling x2  
  21  1:52  Hatchery  
  20  2:01  Overlord  
  20  2:04  Zergling x2  
  20  2:07  Zergling x2  
  22  2:19  Spine Crawler  
  22  2:21  Zergling x2  
  22  2:26  Zergling x2  
  22  2:27  Zergling x2  
  24  2:38  Zergling x4  
  26  2:47  Overlord  
  25  2:55  Zergling x2  
  24  3:00  Zergling x6  
  27  3:10  Zergling x4  
  27  3:15  Queen  
  26  3:35  Zergling x10  
  30  3:46  Drone x3  
  29  3:58  Drone x3  
  30  4:08  Drone x2  
  30  4:20  Drone x4  
  32  4:30  Drone x2  
  33  4:38  Drone x3  
  33  4:39  Drone x3  
  39  4:48  Overlord  
  39  4:49  Drone  
  40  4:59  Extractor  
  39  5:00  Overlord, Extractor  
  38  5:07  Drone  
  38  5:09  Drone  
  38  5:13  Hatchery  
  39  5:19  Drone x2, Roach Warren  
  39  5:20  Drone  
  41  5:28  Overlord  
  41  5:29  Overlord  
  41  5:31  Drone x2  
  41  5:33  Drone  
  44  5:43  Drone x3  
  44  5:44  Drone x2  
  44  5:47  Overlord  
  49  5:52  Overlord  
  49  6:07  Roach x5  
  59  6:13  Roach x3  
  59  6:17  Roach x2  
  69  6:29  Overlord  
  69  6:34  Zergling x10  
  69  6:39  Ravager x5  
  77  6:47  Zergling x16  
  77  6:53  Zergling x2  
  86  6:55  Queen  
  86  6:59  Overlord  
  88  7:07  Zergling x6  
  91  7:09  Overlord  
  91  7:12  Zergling x4  
  91  7:13  Zergling x4  
  86  7:30  Zergling x2  
  86  7:31  Zergling x10  
  86  7:33  Overlord  
  87  7:40  Roach  
  82  7:48  Roach  
  82  7:49  Roach x5  
  78  8:08  Roach x7  
  78  8:09  Roach  
  78  8:10  Lair  
  85  8:15  Roach x2  
  85  8:16  Extractor  
  88  8:27  Drone x3  
  88  8:30  Drone  
  88  8:31  Ravager x3  
  88  8:32  Ravager x2  
  97  8:35  Overlord  
  97  8:38  Zergling x4  
  97  8:39  Zergling x10  
  104  8:45  Evolution Chamber  
  100  9:10  Drone  
  100  9:11  Drone x6  
  100  9:13  Zerg Missile Weapons Level 1, Glial Reconstitution  
  100  9:14  Hydralisk Den  
  106  9:18  Overlord  
  106  9:27  Drone x4  
  106  9:28  Extractor x2  
  108  9:33  Roach x8  
  118  9:59  Roach x5  
  138  10:00  Roach x7  
  138  10:01  Lurker Den  
  138  10:04  Overlord  
  138  10:15  Overlord  
  138  10:16  Overlord x4  
  138  10:28  Overseer  
  138  10:38  Drone x3, Hydralisk  
  138  10:39  Hydralisk x5  
  155  10:57  Roach x9  
  171  11:08  Overlord  
  171  11:09  Overlord  
  171  11:10  Overseer  
  171  11:16  Zerg Missile Weapons Level 2  
  171  11:28  Lurker x4  
  171  11:29  Lurker x2  
  177  11:36  Hydralisk x3  
  177  11:37  Hydralisk  
  185  11:44  Drone  
  185  11:45  Drone x4  
  190  11:49  Overseer x2  
  190  11:56  Hydralisk x2  
  190  11:57  Hatchery  
  190  11:58  Overlord  
  193  12:06  Pneumatized Carapace  
  193  12:27  Lurker x2  
  193  12:28  Hydralisk x2  
  199  12:30  Overlord  
  168  12:59  Hydralisk x4  
  168  13:01  Drone x2  
  175  13:20  Hydralisk x7  
  160  13:30  Hydralisk  
  160  13:31  Hydralisk x9  
  127  13:47  Roach  
  127  13:48  Roach x5  
  125  14:07  Lurker x6  
  131  14:12  Zergling x18  
  131  14:15  Extractor x2  
  138  14:28  Roach x11  
  160  14:32  Spine Crawler  
  160  14:33  Spine Crawler  
  158  14:42  Roach x6  
  170  14:47  Spore Crawler  
  170  14:48  Hatchery  
  168  14:54  Spine Crawler  
  167  15:01  Lurker, Infestation Pit  
  167  15:02  Lurker x4  
  171  15:08  Muscular Augments  
  171  15:10  Roach x2  
  171  15:12  Overlord  
  175  15:24  Drone x8  
  183  15:33  Hatchery  
  180  15:40  Hive  
  174  15:53  Hydralisk x6  
  181  16:08  Lurker  
  181  16:09  Lurker x6  
  186  16:25  Drone x3  
  183  16:40  Hydralisk x8  
  189  16:58  Overseer, Extractor  
  189  16:59  Overseer x3  
  186  17:01  Extractor  
  186  17:08  Viper x3  
  166  17:37  Roach x11  
  166  17:38  Roach x7  
  179  18:18  Roach  
  179  18:19  Roach x9  
  199  18:20  Overlord  
  199  18:36  Lurker  
  200  18:53  Hatchery  
Show
View Real Time Build Order
Export as new Build Order

Senin Zerg 

Build Orders: Pool First, Lurkers 

Get SALT Encoding   

  12  0:01  Drone  
  13  0:13  Overlord  
  13  0:18  Drone  
  14  0:31  Drone  
  14  0:32  Drone  
  17  0:35  Drone  
  17  0:50  Spawning Pool  
  17  0:51  Drone  
  17  0:57  Drone  
  18  1:12  Hatchery  
  18  1:15  Drone  
  18  1:18  Drone  
  19  1:36  Queen  
  19  1:37  Zergling x2  
  22  1:41  Zergling x2, Extractor  
  22  1:50  Overlord  
  22  2:09  Drone  
  22  2:12  Drone, Queen  
  26  2:22  Overlord  
  26  2:28  Drone, Queen  
  28  2:37  Drone  
  28  2:38  Drone  
  27  2:46  Zergling x8  
  27  2:53  Queen  
  29  3:03  Zergling x4  
  28  3:13  Zergling x4  
  28  3:18  Zergling x2  
  28  3:22  Drone  
  28  3:23  Drone  
  30  3:32  Zergling x4  
  32  3:38  Drone x2  
  32  3:42  Zergling x2  
  32  3:45  Zergling x2  
  34  3:51  Extractor  
  31  3:56  Drone x3  
  33  4:05  Drone x2  
  33  4:07  Metabolic Boost  
  34  4:14  Drone  
  34  4:20  Drone x2  
  34  4:22  Drone  
  36  4:32  Drone x3  
  38  4:47  Drone x3  
  38  4:51  Spine Crawler  
  40  4:53  Drone x2  
  42  5:03  Overlord  
  42  5:04  Drone  
  43  5:15  Evolution Chamber, Roach Warren  
  43  5:16  Drone x2  
  43  5:18  Overlord  
  44  5:21  Drone x3  
  44  5:22  Drone  
  44  5:24  Drone  
  48  5:29  Drone  
  49  5:39  Drone  
  49  5:40  Drone  
  51  5:44  Zerg Missile Weapons Level 1  
  51  5:45  Extractor  
  51  5:48  Lair  
  51  5:49  Extractor  
  49  5:50  Drone x4  
  53  6:02  Hatchery  
  53  6:04  Drone x3  
  54  6:11  Drone  
  54  6:12  Drone x2  
  54  6:17  Roach  
  59  6:19  Overlord x2  
  59  6:22  Overlord  
  59  6:26  Overlord  
  59  6:28  Overlord  
  59  6:44  Drone x6  
  59  6:46  Roach  
  67  6:48  Glial Reconstitution  
  67  6:50  Roach  
  67  6:51  Roach x2  
  67  6:53  Roach  
  74  6:55  Roach  
  74  6:58  Roach  
  78  7:04  Roach  
  78  7:07  Ravager x2  
  82  7:09  Roach  
  82  7:11  Roach x2  
  82  7:12  Roach  
  90  7:17  Roach  
  94  7:26  Roach  
  95  7:34  Roach x3  
  87  7:39  Roach  
  87  7:40  Roach  
  85  7:44  Queen  
  85  7:53  Roach  
  85  7:54  Roach x2  
  85  7:58  Roach x4  
  88  7:59  Roach  
  88  8:01  Drone x3  
  88  8:05  Drone  
  86  8:12  Drone  
  87  8:15  Zerg Missile Weapons Level 2  
  87  8:18  Drone x3  
  87  8:19  Overlord  
  90  8:20  Overlord x3  
  90  8:24  Overlord  
  90  8:29  Extractor  
  90  8:33  Ravager  
  90  8:35  Overlord  
  90  8:36  Overlord  
  90  8:39  Drone  
  91  8:41  Roach  
  91  8:42  Roach x2  
  91  8:45  Ravager x2  
  91  8:47  Roach x2  
  105  8:48  Roach  
  105  8:51  Roach  
  105  8:54  Roach  
  105  8:55  Roach  
  111  9:01  Extractor  
  111  9:02  Roach x3  
  116  9:03  Roach  
  116  9:06  Roach x2  
  116  9:08  Ravager x2  
  116  9:09  Ravager x2  
  127  9:11  Roach  
  127  9:15  Roach  
  127  9:16  Roach  
  133  9:17  Drone  
  133  9:19  Roach  
  133  9:22  Roach  
  138  9:24  Overlord x2  
  138  9:31  Overlord x2  
  137  9:47  Queen  
  137  9:49  Roach x7  
  137  9:52  Roach x2  
  147  10:03  Hatchery  
  147  10:06  Roach  
  148  10:10  Roach x2  
  148  10:13  Roach  
  154  10:22  Roach x2  
  158  10:30  Hydralisk Den  
  158  10:32  Zerg Ground Armor Level 1  
  158  10:34  Roach x2  
  161  10:36  Overlord  
  161  10:41  Drone, Overlord  
  162  10:42  Overlord  
  162  10:56  Roach x4  
  170  10:59  Lurker Den  
  170  11:02  Drone x2  
  172  11:04  Drone  
  172  11:05  Drone  
  172  11:08  Roach  
  176  11:12  Roach x2  
  180  11:21  Roach x3  
  186  11:25  Overlord  
  186  11:27  Hydralisk  
  186  11:29  Hydralisk  
  186  11:32  Hydralisk  
  192  11:49  Roach  
  194  12:24  Queen  
  194  12:26  Lurker x3  
  194  12:27  Zerg Ground Armor Level 2, Muscular Augments  
  199  12:41  Overseer  
  199  12:42  Pneumatized Carapace  
  181  13:02  Roach  
  181  13:03  Roach x5  
  191  13:15  Overlord x2  
  142  13:29  Roach x17  
  142  13:30  Roach x6  
  156  13:38  Roach x6  
  151  13:47  Overseer x3  
  141  13:49  Queen  
  141  13:51  Drone x3  
  141  13:54  Hydralisk  
  143  14:01  Hydralisk x2  
  147  14:05  Hydralisk  
  149  14:21  Hydralisk x3  
  155  14:26  Drone x2  
  155  14:27  Drone x4  
  155  14:30  Lurker  
  162  14:32  Lurker  
  163  14:42  Lurker x2  
  165  14:46  Lurker x2  
  165  14:47  Lurker  
  165  14:48  Roach  
  165  14:49  Drone x3  
  165  14:50  Drone x2  
  175  14:53  Extractor  
  175  14:55  Hydralisk  
  175  14:56  Hydralisk  
  178  15:00  Hydralisk  
  178  15:04  Drone x2  
  178  15:05  Drone  
  183  15:09  Drone  
  183  15:11  Hydralisk x2  
  188  15:17  Hydralisk x2  
  192  15:24  Roach x2  
  192  15:25  Roach  
  192  15:26  Roach  
  194  15:39  Roach  
  194  15:40  Roach x2  
  189  15:56  Roach  
  189  15:57  Roach x6  
  191  16:04  Drone  
  191  16:05  Roach x4  
  191  16:08  Extractor  
  191  16:09  Spine Crawler  
  197  16:11  Spine Crawler  
  195  16:23  Drone x3  
  193  16:35  Drone x4  
  197  16:41  Hatchery  
  180  17:00  Ravager x15  
  180  17:01  Ravager x2  
  197  17:09  Roach  
  147  17:32  Roach x10  
  146  18:08  Drone x13  
  153  18:18  Overseer x2  
  153  18:19  Overseer  
  153  18:29  Infestation Pit  
  153  18:32  Hydralisk x2  
  150  18:35  Hydralisk  
  150  18:41  Hydralisk  
  152  18:44  Hydralisk  
  156  18:51  Hydralisk x2  
  156  18:55  Hydralisk  
  162  18:57  Hydralisk  
  164  19:08  Lurker x2  
Tags
 
Add a new tag
Caveats
  • Supply blocks, unpowered buildings, or Contaminate may cause inaccurate times.
  • Supply counts are checked every 10 seconds.